 Dungeon Crawl Stone Soup version 0.30-a0-568-g124715a40b (webtiles) character file.

Game seed: 16363654226638815973

479 Jase the Sneak (level 7, 0/36 HPs)
             Began as a Kobold Enchanter on Dec 28, 2022.
             Slain by a gnoll
             ... wielding a +0 whip
             ... led by a gnoll bouda
              (1 damage)
             ... on level 4 of the Dungeon.
             The game lasted 00:10:30 (3293 turns).

Jase the Sneak (Kobold Enchanter)                   Turns: 3293, Time: 00:10:31

Health: 0/36       AC:  5    Str:  6    XL:     7   Next: 33%
Magic:  10/10      EV: 17    Int: 16    God:
Gold:   172        SH:  0    Dex: 17    Spells: 5/10 levels left

rFire   . . .      SeeInvis .    a - +1 short sword (drain)
rCold   . . .      Faith    .    (no shield)
rNeg    . . .      Spirit   .    b - +0 robe
rPois   .          Reflect  .    g - +2 hat
rElec   .          Harm     .    (no cloak)
rCorr   .          Rampage  .    e - +0 pair of gloves
Will    .....                    (no boots)
Stlth   +++++                    (no amulet)
HPRegen 0.26/turn                (no ring)
MPRegen 0.12/turn                (no ring)

@: about to teleport, weakened
A: small, no large weapons, nightstalker 3
a: no special abilities


You were on level 4 of the Dungeon.
You visited 1 branch of the dungeon, and saw 4 of its levels.

You collected 242 gold pieces.
You spent 70 gold pieces at shops.

Inventory:

Hand Weapons
 a - a +1 short sword of draining (weapon)
Missiles
 i - 6 poisoned darts (quivered)
 l - 15 stones
 o - 2 throwing nets
Armour
 b - a +0 robe (worn)
 d - a +0 helmet
 e - a +0 pair of gloves (worn)
 g - a +2 hat (worn)
Wands
 n - a wand of flame (16)
 q - a wand of acid (8)
Scrolls
 h - a scroll of teleportation
 j - a scroll of enchant armour
 k - a scroll of fog
 p - a scroll of vulnerability
Potions
 c - a potion of brilliance
 r - a potion of curing


   Skills:
 - Level 1.3 Short Blades
 + Level 5.4 Dodging
 + Level 7.0 Stealth
 - Level 2.1 Spellcasting
 + Level 5.0 Hexes
 + Level 1.1 Ice Magic


You had 5 spell levels left.
You knew the following spells:

 Your Spells              Type           Power      Damage    Failure   Level
a - Ensorcelled Hibernat  Hex/Ice        22%        N/A       9%          2
b - Confusing Touch       Hex            17%        N/A       8%          3

Your spell library contained the following spells:

 Spells                   Type           Power      Damage    Failure   Level
 Tukima's Dance           Hex            17%        N/A       8%          3
 Dazzling Flash           Conj/Hex       18%        N/A       22%         3


Dungeon Overview and Level Annotations

Branches:
Dungeon (4/15)
 Temple: D:4-7

Altars:
Gozag
Nemelex Xobeh
Vehumet

Shops:
D:1 ?=[


Innate Abilities, Weirdness & Mutations

You are small and have problems with some larger weapons.
You are completely attuned to the shadows.


Message History

The gnoll bouda hits you with a +0 whip!
The adder closely misses you.
You hit the adder.
You kill the adder!
The jackal closely misses you. The gnoll hits you but does no damage.
The gnoll bouda barks out a call to the hunt!
The gnolls pick up the pace!
You hear a shout! x3
The jackal closely misses you. The gnoll closely misses you.
The gnoll bouda barks out a call to the hunt!
The gnoll picks up the pace!
The jackal bites you.
You hear a shout!
You see here an adder corpse.
The jackal bites you but does no damage.
The jackal attacks as you move away! The jackal misses you.
The gnoll misses you. The jackal barely misses you.
You hit the gnoll but do no damage. You drain the gnoll.
The gnoll is moderately wounded.
The jackal completely misses you. The gnoll barely misses you.
As you read the scroll of teleportation, it crumbles to dust.
You feel strangely unstable. The jackal closely misses you.
The gnoll hits you from afar with a +0 spear.
You hit the gnoll but do no damage. The jackal barely misses you.
The gnoll hits you from afar with a +0 spear!
A gnoll comes into view. It is wielding a +0 spear.
The gnoll bouda gazes fiercely through you!
You feel as though you will be weak longer.
The jackal barely misses you.
You hit the gnoll but do no damage.
The gnoll hits you from afar with a +0 spear.
The gnoll hits you but does no damage. The gnoll hits you with a +0 whip!
* * * LOW HITPOINT WARNING * * *
The jackal bites you.
* * * LOW HITPOINT WARNING * * *
Blink to where?
Press: ? - help, Dir - move target
As you read the scroll of blinking, it crumbles to dust.
The gnoll attacks as you move away! The gnoll hits you with a +0 whip.
You die...

............#
...#..<.....#
...............#
.#.....#.#......#
#.............†.##
.#.#...#.#.#.....#
..#..)..#.#gg†.#.#
.#.#.#.#.#.#g#g# #
.........@ggh.§#
####.....^..>.##
##..#..##..#
..........#
.####......# .g ..


You could see 4 gnolls, a jackal and a goblin.

Vanquished Creatures
  Sigmund (D:2)
  A scorpion (D:3)
  An orc priest (D:3)
  10 gnolls
  6 adders
  8 orcs (D:3)
  7 bats
  8 endoplasms
  4 giant cockroaches
  5 goblins
  6 hobgoblins
  10 jackals
  2 quokkas
  3 ball pythons
  A frilled lizard (D:2)
  5 kobolds
  2 rats
80 creatures vanquished.

Notes
Turn   | Place    | Note
-------+----------+-------------------------------------------
     0 | D:1      | Jase the Kobold Enchanter began the quest for the Orb.
     0 | D:1      | Reached XP level 1. HP: 10/10 MP: 3/3
   162 | D:1      | Reached XP level 2. HP: 10/15 MP: 5/5
   167 | D:1      | Learned a level 2 spell: Ensorcelled Hibernation
   185 | D:1      | Found a faded altar of an unknown god.
   372 | D:1      | Found Soqy's Magic Scroll Emporium.
   377 | D:1      | Bought a scroll of noise for 14 gold pieces
   377 | D:1      | Bought a scroll of identify for 28 gold pieces
   377 | D:1      | Bought a scroll of identify for 28 gold pieces
   429 | D:1      | Found Sucogac's Jewellery Emporium.
   525 | D:1      | Found Qeehidos's Armour Emporium.
   938 | D:2      | Reached XP level 3. HP: 14/14 MP: 6/6
  1092 | D:2      | Learned a level 3 spell: Confusing Touch
  1175 | D:2      | Reached XP level 4. HP: 24/24 MP: 7/7
  1190 | D:2      | Reached skill level 5 in Stealth
  1273 | D:2      | Reached XP level 5. HP: 24/28 MP: 4/8
  1385 | D:2      | Noticed Sigmund
  1411 | D:2      | Killed Sigmund
  1412 | D:2      | Reached skill level 6 in Stealth
  1412 | D:2      | Reached XP level 6. HP: 10/32 MP: 9/9
  1809 | D:3      | Reached skill level 5 in Dodging
  1886 | D:3      | Found an opulent altar of Gozag.
  2378 | D:3      | Found a sparkling altar of Nemelex Xobeh.
  2385 | D:3      | Found a radiant altar of Vehumet.
  2476 | D:3      | HP: 1/32 [orc priest/divine providence (16)]
  2478 | D:3      | Reached XP level 7. HP: 2/36 MP: 10/10
  2679 | D:3      | Reached skill level 5 in Hexes
  2679 | D:3      | Reached skill level 1 in Ice Magic
  2853 | D:3      | Reached skill level 7 in Stealth
  3290 | D:4      | HP: 1/36 [jackal (2)]
  3293 | D:4      | Slain by a gnoll

Illustrated notes

Levels and vault maps discovered:
D:1:      dpeg_arrival_lava_altar, layout_loops_cross,
          hellmonk_ecumenical_altar_arch_garden, serial_shops,
          nicolae_shop_advertising_works [nicolae_subvault_shop_adworks], shop,
          shop
D:2:      layout_rooms, uniq_sigmund
D:3:      layout_loops_corners, nicolae_overflow_hidden_temple,
          amethyst_overflow_temple_binary
D:4:      layout_basic, yredelemnul_altar_generic, kennysheep_mini,
          portal_sewer_entry_c, hangedman_decor_riveting, minmay_manual_mares

Skill      XL: |  1  2  3  4  5  6  7 |
---------------+----------------------+-----
Dodging        | 3 4 5 |  5.4
Stealth        | 5 6 7 |  7.0
Hexes          | 4 5 |  5.0
Ice Magic      | 1 |  1.1
Short Blades   | |  1.3
Spellcasting   | |  2.1

Action                   |  1- 3 |  4- 6 |  7- 9 || total
-------------------------+-------+-------+-------++-------
Melee: Dagger            |    36 |       |       ||    36
       Short sword       |    23 |   119 |    34 ||   176
       Punch             |       |     3 |       ||     3
 Cast: Ensorcelled Hiber |     2 |     5 |       ||     7
  Use: Potion            |       |     2 |       ||     2
       Scroll            |       |     5 |     5 ||    10
 Stab: Sleeping          |    19 |    12 |     7 ||    38
       Invisible         |       |     5 |       ||     5
       Distracted        |       |     1 |       ||     1
Armor: Robe              |    13 |    28 |     7 ||    48
Dodge: Dodged            |    27 |    86 |    48 ||   161

Table legend: (Time is in decaauts)
 A = Elapsed time spent in this place.
 B = Non-inter-level travel time spent in this place.
 C = Inter-level travel time spent in this place.
 D = Time resting spent in this place.
 E = Time spent auto-exploring this place.
 F = Levels seen in this place.
 G = Mean time per level.
                   A        B        C        D        E       F      G
               +--------+--------+--------+--------+--------+-----+--------+
         Total |   3279 |   3146 |    133 |    221 |   2223 |   4 |  819.8 |
       Dungeon |   3279 |   3146 |    133 |    221 |   2223 |   4 |  819.8 |
               +--------+--------+--------+--------+--------+-----+--------+

Top non-repeatable levels by time:
     D:3: 1391 daAuts
     D:2: 922 daAuts
     D:1: 916 daAuts
     D:4: 48 daAuts
